AoeStats
← Jim_Raynor

Nomad

509446243Analyzed
3v3 RM · 6d ago on Sep 26, 2026· 38m 27s· 6 players
Game mode
Random Map
Map size
210×210
Population
200
Speed
Normal
Resources
Standard
Victory
Conquest
Starting age
Dark Age
Ending age
Imperial Age
RankedLock teamsTeams togetherTeam positionsShared explorationLock speedFull tech treeHidden civsTurbo modeCheats
Victory
Defeat
🇦🇷 Sicilians · Argentina
1240
+13
🇷🇺 Malay · Russia
1231
+14
🇺🇸 Vikings · United States
1208
+15
🇦🇷 Portuguese · Argentina
1200
-14
🇦🇷 Huns · Argentina
1197
-15
🇦🇷 Malians · Argentina
1150
-13
SneakyJeff
9:25 Loom
13:46 Feudal Age
16:04 Gold Mining
19:53 Castle Age
18:35 Double-Bit Axe
18:40 Man-at-Arms
19:19 Horse Collar
20:16 Forging
20:31 Scale Mail Armor
24:06 Fletching
24:34 Elite Skirmisher
27:06 Chain Mail Armor
26:47 Bodkin Arrow
29:01 Iron Casting
30:18 Bow Saw
35:33 Padded Archer Armor
36:39 Town Watch
artemjunior
4:42 Loom
13:35 Feudal Age
13:43 Double-Bit Axe
16:25 Fletching
22:06 Castle Age
20:42 Wheelbarrow
21:00 Padded Archer Armor
22:19 Bow Saw
21:39 Crossbowman
22:18 Bodkin Arrow
23:34 Hand Cart
23:05 Town Watch
23:20 Gold Mining
23:58 Fishing Lines
24:51 Horse Collar
27:00 Medium Warships
26:58 Heavy Plow
30:39 Thumb Ring
32:04 Gold Shaft Mining
34:02 Imperial Age
33:11 Leather Archer Armor
33:26 Arbalester
34:46 Squires
34:07 Pikeman
35:16 Conscription
36:17 Ballistics
36:57 Chemistry
35:37 Halberdier
36:54 Elite Karambit Warrior
37:46 Bracer
38:17 Ring Archer Armor
37:58 Forging
38:42 Siege Engineers
Jim_Raynor
14:16 Feudal Age
15:53 Loom
18:51 Castle Age
17:12 Double-Bit Axe
17:54 Stone Mining
18:20 Fletching
18:38 Scale Barding Armor
19:13 Forging
19:22 Town Watch
21:58 Wheelbarrow
23:30 Husbandry
29:55 Bow Saw
30:11 Horse Collar
31:09 Hand Cart
32:42 Bodkin Arrow
36:45 Imperial Age
34:39 Hand Cart
34:52 Bloodlines
34:48 Heavy Plow
35:10 Gold Mining
35:00 Crossbowman
35:31 Elite Skirmisher
35:34 Pikeman
36:14 Squires
36:46 Ballistics
36:28 Padded Archer Armor
36:48 Chain Barding Armor
37:55 Conscription
37:49 Hauberk
38:20 Scale Mail Armor
38:21 Bracer
38:25 Capped Ram
Capiango2.0
3:23 Loom
14:07 Feudal Age
18:42 Castle Age
19:48 Double-Bit Axe
19:45 Horse Collar
20:40 Bow Saw
21:22 Heavy Plow
24:28 Fletching
26:09 Ballistics
27:34 Bodkin Arrow
27:39 Padded Archer Armor
28:27 Scale Barding Armor
30:31 Forging
30:25 Husbandry
30:42 Marauders
30:41 Gold Mining
31:53 Bloodlines
33:43 Iron Casting
34:38 Town Watch
35:40 Elite Skirmisher
36:43 Thumb Ring
37:40 Leather Archer Armor
Jefe ToroFumado
4:48 Loom
15:03 Feudal Age
16:38 Town Watch
16:49 Double-Bit Axe
19:34 Castle Age
26:59 Fletching
28:17 Bodkin Arrow
36:18 Masonry
DT.Bilardo
8:45 Loom
14:02 Feudal Age
18:20 Castle Age
19:51 Double-Bit Axe
22:20 Bow Saw
22:36 Fletching
24:53 Wheelbarrow
25:02 Horse Collar
Connection lost

Rejoining the realm…

Still unreachable

The connection could not be restored.

Session expired

The server has moved on; the page needs a fresh start.